 Dungeon Crawl Stone Soup version 0.28-a0-683-ga8797d1ae1 (webtiles) character file.

Game seed: 15233469559627275923

18 mordus the Shield-Bearer (level 2, 0/24 HPs)
             Began as a Formicid Fighter on Oct 18, 2021.
             Succumbed to an adder's poison
             ... on level 2 of the Dungeon.
             The game lasted 00:01:30 (554 turns).

mordus the Shield-Bearer (Formicid Fighter)          Turns: 554, Time: 00:01:32

Health: 0/24       AC:  6    Str: 20    XL:     2   Next: 90%
Magic:  2/2        EV:  9    Int:  7    God:
Gold:   11         SH:  4    Dex: 10    Spells: 1/1 levels left

rFire   . . .      SeeInvis +   a - +0 flail
rCold   . . .      Faith    .   c - +0 buckler
rNeg    . . .      Spirit   .   b - +0 scale mail
rPois   .          Reflect  .   (helmet unavailable)
rElec   .          Harm     .   (no cloak)
rCorr   .          Rampage  .   (no gloves)
Will    .....                   (no boots)
Stlth   ..........              (no amulet)
HPRegen 0.08/turn               (no ring)
MPRegen 0.08/turn               (no ring)

@: lethally poisoned (0 -> -7)
A: permanent stasis, dig shafts and tunnels, antennae 3, four strong arms
a: Dig, Shaft Self


You were on level 2 of the Dungeon.
You visited 1 branch of the dungeon, and saw 2 of its levels.

You collected 11 gold pieces.

Inventory:

Hand Weapons
 a - a +0 flail (weapon)
Armour
 b - a +0 scale mail (worn)
 c - a +0 buckler (worn)
Scrolls
 f - a scroll of fog {unknown}
Potions
 d - a potion of might
 e - a potion of cancellation {unknown}


   Skills:
 - Level 3.2 Fighting
 * Level 2.6 Maces & Flails
 + Level 3.5 Armour
 + Level 3.9 Shields


You had one spell level left.
You didn't know any spells.
Your spell library was empty.

Dungeon Overview and Level Annotations

Branches:
Dungeon (2/15)

Altars:


Innate Abilities, Weirdness & Mutations

You cannot be hasted, slowed, berserked, paralysed or teleported.
You can dig through walls and to a lower floor.
You have a pair of large antennae on your head. (SInv)
Your four strong arms can wield two-handed weapons with a shield.


Message History

The adder bites you but does no damage. The adder bites you.
You barely miss the adder.
The adder is heavily wounded.
The adder bites you but does no damage.
An adder is nearby!
You hit the adder.
The adder is almost dead.
You block the adder's attack. The adder barely misses you.
An adder is nearby!
You closely miss the adder.
The adder is almost dead.
The adder bites you but does no damage.
You barely miss the adder.
The adder is almost dead.
The adder bites you. x2
An adder is nearby!
You are too injured to fight recklessly!
You are too injured to fight recklessly!
You are too injured to fight recklessly!
You are too injured to fight recklessly!
You are too injured to fight recklessly!
You are too injured to fight recklessly!
You are too injured to fight recklessly!
You miss the adder.
The adder is almost dead.
The adder bites you.
You are poisoned.
The adder poisons you! The adder bites you.
* * * LOW HITPOINT WARNING * * *
You are lethally poisoned!
The adder poisons you!
You miss the adder.
The adder is almost dead.
* * * LOW HITPOINT WARNING * * *
You feel very sick. The adder bites you.
* * * LOW HITPOINT WARNING * * *
You hit the adder.
You kill the adder!
You die...

.####.####
..###....##
..........##
.####......##
.#
######..###
.# ##...## ##
###..# # #
##.#####<...
##
#..@....(.#
..
####.......
## .......
......#
.###### .# .#
.#


There were no monsters in sight!

Vanquished Creatures
  2 adders (D:2)
  2 goblins (D:2)
  2 hobgoblins (D:2)
  A kobold (D:1)
  A ball python (D:2)
  2 rats
10 creatures vanquished.

Notes
Turn   | Place    | Note
-------+----------+-------------------------------------------
     0 | D:1      | mordus the Formicid Fighter began the quest for the Orb.
     0 | D:1      | Reached XP level 1. HP: 18/18 MP: 1/1
   215 | D:1      | You fall into a shaft and drop 1 floor!
   364 | D:2      | Reached XP level 2. HP: 21/24 MP: 2/2
   554 | D:2      | Succumbed to an adder's poison

Illustrated notes

Levels and vault maps discovered:
D:1:      psy_arrival_basics, layout_loops_ring, minmay_indecisive_spiral
D:2:      layout_rooms, hellmonk_ecumenical_altar_inner_sanctum,
          kennysheep_generic_room_8

Action                   || total
-------------------------++-------
Melee: Flail             ||    43
Armor: Scale mail        ||    22
Dodge: Dodged            ||    15
Block: Buckler           ||     8

Table legend: (Time is in decaauts)
 A = Elapsed time spent in this place.
 B = Non-inter-level travel time spent in this place.
 C = Inter-level travel time spent in this place.
 D = Time resting spent in this place.
 E = Time spent auto-exploring this place.
 F = Levels seen in this place.
 G = Mean time per level.
                   A        B        C        D        E       F      G
               +--------+--------+--------+--------+--------+-----+--------+
         Total |    565 |    565 |      0 |    165 |    303 |   2 |  282.5 |
       Dungeon |    565 |    565 |      0 |    165 |    303 |   2 |  282.5 |
               +--------+--------+--------+--------+--------+-----+--------+

Top non-repeatable levels by time:
     D:2: 347 daAuts
     D:1: 217 daAuts
